[ AOE2 MATCH · #465080098 ]
1v1 RMTeutons vs Cumans
Player's team · LOSS
Rival team · WIN
[ REPLAY ANALYSIS · EXTRACTED FROM THE RECORDED GAME ]
Feudal
13:37
Castle
24:30
Imperial
—
| APM avg | 24.1 |
| APM peak | 69 |
| eAPM avg | 13.3 |
| Villagers / military | 80 / 25 |
Focus
⚔️ 27.7% · 🌾 72.3%
Fishing Ship ×10 · Spearman ×7 · Scorpion ×6 · Battering Ram ×5 · Unknown (2626) ×4 · Monk ×3
Feudal
12:39
Castle
20:08
Imperial
34:56
| APM avg | 30.5 |
| APM peak | 97 |
| eAPM avg | 13.3 |
| Villagers / military | 100 / 49 |
Focus
⚔️ 26.2% · 🌾 73.8%
Kipchak ×34 · Fishing Ship ×17 · Fire Galley ×11 · Trebuchet (Packed) ×4
Match map
Initial resources + every placement click. Lines = walls · curves = elevation contours. ◆ gold · ⬟ stone · ● berries · ✦ relic · ◌ wall gap
Your base· Open — 8t gap
cheaferiano's base· Open — 9t gap
Smoothed initial terrain · ◌ = detected wall gap · hover for details
Inputs per minute
— JustinMerendino - - cheaferiano
Build order — JustinMerendino
First 150 of 228 actions detected
| 0:20 | Build | Town Center |
| 0:39 | Build | House |
| 1:27 | Build | Dock |
| 2:28 | Create | Villager (Male) |
| 2:28 | Create | Villager (Male) |
| 2:28 | Create | Villager (Male) |
| 2:28 | Create | Villager (Male) |
| 2:29 | Create | Villager (Male) |
| 3:28 | Create | Fishing Ship |
| 3:28 | Create | Fishing Ship |
| 4:00 | Build | House |
| 4:06 | Research | Loom |
| 4:39 | Create | Villager (Male) |
| 4:40 | Create | Villager (Male) |
| 4:43 | Create | Fishing Ship |
| 5:27 | Create | Fishing Ship |
| 5:28 | Create | Villager (Male) |
| 6:06 | Create | Fishing Ship |
| 6:06 | Create | Fishing Ship |
| 6:16 | Build | House |
| 6:23 | Create | Villager (Male) |
| 6:23 | Create | Villager (Male) |
| 6:49 | Create | Fishing Ship |
| 6:53 | Create | Villager (Male) |
| 7:20 | Build | House |
| 7:26 | Create | Villager (Male) |
| 7:28 | Create | Villager (Male) |
| 8:01 | Create | Villager (Male) |
| 8:33 | Create | Villager (Male) |
| 8:34 | Create | Fishing Ship |
| 8:51 | Build | Dock |
| 9:13 | Create | Villager (Male) |
| 9:14 | Create | Villager (Male) |
| 9:41 | Create | Villager (Male) |
| 9:56 | Create | Fishing Ship |
| 9:56 | Create | Fishing Ship |
| 10:07 | Create | Villager (Male) |
| 10:14 | Build | Lumber Camp |
| 10:21 | Create | Villager (Male) |
| 10:31 | Build | House |
| 10:34 | Build | House |
| 11:05 | Build | House |
| 11:12 | Build | House |
| 11:15 | Research | Feudal Age |
| 11:28 | Build | Mining Camp |
| 12:31 | Build | Barracks |
| 12:35 | Build | House |
| 12:40 | Create | Villager (Male) |
| 12:40 | Create | Villager (Male) |
| 13:18 | Build | Dock |
| 13:36 | Build | Mill |
| 13:37 | Age | Feudal Age |
| 13:48 | Create | Villager (Male) |
| 13:53 | Research | Double-Bit Axe |
| 13:54 | Research | Double-Bit Axe |
| 14:27 | Create | Spearman |
| 14:32 | Create | Villager (Male) |
| 14:38 | Research | Tech 906 |
| 15:06 | Create | Unit 2626 |
| 15:23 | Create | Villager (Male) |
| 15:28 | Build | Lumber Camp |
| 15:46 | Create | Villager (Male) |
| 15:56 | Build | Mining Camp |
| 15:57 | Create | Villager (Male) |
| 16:10 | Create | Villager (Male) |
| 16:48 | Create | Villager (Male) |
| 17:10 | Create | Villager (Male) |
| 17:13 | Create | Unit 2626 |
| 17:35 | Build | Farm |
| 17:36 | Research | Horse Collar |
| 17:39 | Build | Farm |
| 17:41 | Build | Farm |
| 17:49 | Create | Villager (Male) |
| 17:52 | Build | Farm |
| 17:56 | Build | Farm |
| 17:58 | Create | Spearman |
| 18:11 | Create | Unit 2626 |
| 18:16 | Create | Villager (Male) |
| 18:19 | Build | Farm |
| 18:22 | Build | Farm |
| 18:24 | Build | Farm |
| 18:27 | Build | Farm |
| 18:28 | Create | Villager (Male) |
| 18:51 | Research | Wheelbarrow |
| 19:16 | Create | Villager (Male) |
| 19:18 | Build | Farm |
| 19:21 | Build | Farm |
| 19:29 | Build | Market |
| 19:40 | Create | Villager (Male) |
| 19:51 | Build | Blacksmith |
| 20:15 | Create | Unit 2626 |
| 20:16 | Create | Villager (Male) |
| 20:19 | Build | House |
| 20:20 | Build | House |
| 20:42 | Create | Villager (Male) |
| 20:46 | Build | House |
| 20:49 | Build | Palisade Wall |
| 20:59 | Build | Farm |
| 21:12 | Build | House |
| 21:17 | Build | Palisade Wall |
| 21:34 | Create | Demolition Raft |
| 21:48 | Build | House |
| 21:50 | Research | Castle Age |
| 22:32 | Create | Demolition Raft |
| 22:52 | Build | Mill |
| 23:04 | Build | Farm |
| 23:10 | Research | Fletching |
| 23:10 | Research | Scale Barding Armor |
| 23:30 | Research | Forging |
| 23:55 | Research | Man-at-Arms (upgrade) |
| 24:30 | Age | Castle Age |
| 24:34 | Build | Town Center |
| 24:54 | Build | Castle |
| 24:57 | Create | Villager (Male) |
| 24:59 | Research | Bow Saw |
| 25:01 | Research | Bodkin Arrow |
| 25:09 | Build | Stone Wall |
| 25:12 | Build | Stone Wall |
| 25:17 | Create | Villager (Male) |
| 25:18 | Research | Heavy Plow |
| 25:52 | Build | House |
| 25:53 | Build | House |
| 25:54 | Create | Villager (Male) |
| 26:11 | Create | Villager (Male) |
| 26:12 | Create | Villager (Male) |
| 26:12 | Create | Villager (Male) |
| 26:26 | Build | Lumber Camp |
| 26:35 | Research | Iron Casting |
| 26:37 | Create | Villager (Male) |
| 26:37 | Create | Villager (Male) |
| 26:37 | Create | Villager (Male) |
| 27:02 | Build | Lumber Camp |
| 27:06 | Create | Villager (Male) |
| 27:06 | Create | Villager (Male) |
| 27:18 | Build | Lumber Camp |
| 27:22 | Create | Villager (Male) |
| 27:27 | Create | Villager (Male) |
| 27:37 | Research | Gambesons |
| 27:50 | Create | Villager (Male) |
| 28:03 | Build | Siege Workshop |
| 28:05 | Create | Villager (Male) |
| 28:38 | Build | Outpost |
| 28:43 | Build | Siege Workshop |
| 28:44 | Create | Villager (Male) |
| 28:47 | Create | Villager (Male) |
| 28:48 | Create | Villager (Male) |
| 28:54 | Build | Siege Workshop |
| 29:16 | Create | Villager (Male) |
| 29:16 | Create | Villager (Male) |
| 29:16 | Create | Villager (Male) |
Build order — cheaferiano
First 150 of 251 actions detected
| 0:15 | Build | Town Center |
| 0:31 | Build | Dock |
| 0:34 | Build | House |
| 2:29 | Create | Villager (Male) |
| 2:29 | Create | Villager (Male) |
| 2:30 | Create | Villager (Male) |
| 3:01 | Create | Villager (Male) |
| 3:01 | Create | Villager (Male) |
| 3:41 | Create | Villager (Male) |
| 3:44 | Create | Fishing Ship |
| 3:59 | Research | Loom |
| 4:04 | Create | Villager (Male) |
| 4:56 | Build | House |
| 5:01 | Create | Fishing Ship |
| 5:26 | Create | Villager (Male) |
| 5:37 | Create | Villager (Male) |
| 5:56 | Create | Villager (Male) |
| 6:03 | Create | Fishing Ship |
| 6:25 | Build | House |
| 6:47 | Create | Villager (Male) |
| 7:02 | Create | Fishing Ship |
| 7:17 | Create | Villager (Male) |
| 7:26 | Build | House |
| 7:30 | Create | Villager (Male) |
| 7:50 | Create | Villager (Male) |
| 7:51 | Create | Villager (Male) |
| 7:58 | Create | Fishing Ship |
| 8:29 | Create | Villager (Male) |
| 8:38 | Create | Villager (Male) |
| 8:41 | Create | Fishing Ship |
| 9:18 | Build | Mill |
| 9:39 | Create | Villager (Male) |
| 10:12 | Create | Villager (Male) |
| 10:23 | Build | House |
| 10:29 | Research | Feudal Age |
| 10:51 | Build | Dock |
| 11:46 | Build | Lumber Camp |
| 12:03 | Build | Mining Camp |
| 12:39 | Age | Feudal Age |
| 12:43 | Create | Fire Galley |
| 12:44 | Create | Fire Galley |
| 12:50 | Create | Villager (Male) |
| 12:50 | Create | Villager (Male) |
| 12:51 | Create | Villager (Male) |
| 13:04 | Create | Fire Galley |
| 13:29 | Build | Blacksmith |
| 13:44 | Create | Fire Galley |
| 13:57 | Build | House |
| 14:12 | Build | House |
| 14:31 | Create | Villager (Male) |
| 14:32 | Create | Villager (Male) |
| 14:32 | Create | Villager (Male) |
| 14:35 | Build | House |
| 14:43 | Create | Fire Galley |
| 15:25 | Create | Fire Galley |
| 15:50 | Create | Villager (Male) |
| 15:50 | Create | Villager (Male) |
| 15:58 | Build | Market |
| 16:59 | Create | Fire Galley |
| 16:59 | Create | Fire Galley |
| 17:24 | Create | Villager (Male) |
| 17:25 | Create | Villager (Male) |
| 17:28 | Research | Castle Age |
| 17:50 | Build | Palisade Wall |
| 17:55 | Build | Palisade Gate |
| 18:18 | Create | Villager (Male) |
| 18:18 | Create | Villager (Male) |
| 18:20 | Research | Town Watch |
| 18:22 | Research | Wheelbarrow |
| 19:12 | Build | Mining Camp |
| 19:15 | Research | Gold Mining |
| 19:16 | Research | Stone Mining |
| 20:08 | Age | Castle Age |
| 20:29 | Create | Villager (Male) |
| 20:30 | Create | Villager (Male) |
| 20:42 | Build | Town Center |
| 20:51 | Research | Double-Bit Axe |
| 21:29 | Create | Villager (Male) |
| 21:29 | Create | Villager (Male) |
| 21:33 | Build | Farm |
| 21:33 | Build | Farm |
| 21:34 | Build | Farm |
| 21:34 | Build | Farm |
| 21:34 | Build | Farm |
| 21:43 | Create | Villager (Male) |
| 21:44 | Create | Villager (Male) |
| 21:44 | Create | Villager (Male) |
| 22:16 | Create | Villager (Male) |
| 22:16 | Create | Villager (Male) |
| 22:28 | Research | Bow Saw |
| 22:50 | Create | Fishing Ship |
| 22:50 | Create | Fishing Ship |
| 23:08 | Build | Dock |
| 23:13 | Create | Villager (Male) |
| 23:13 | Create | Villager (Male) |
| 23:18 | Create | Villager (Male) |
| 23:18 | Create | Villager (Male) |
| 23:19 | Create | Villager (Male) |
| 23:41 | Build | Castle |
| 23:51 | Create | Fire Galley |
| 23:51 | Create | Fire Galley |
| 24:03 | Create | Villager (Male) |
| 24:04 | Create | Villager (Male) |
| 24:04 | Create | Villager (Male) |
| 24:04 | Create | Villager (Male) |
| 24:49 | Build | House |
| 24:51 | Build | House |
| 24:52 | Build | House |
| 24:54 | Create | Villager (Male) |
| 24:54 | Create | Villager (Male) |
| 24:54 | Create | Villager (Male) |
| 25:01 | Build | House |
| 25:04 | Build | House |
| 25:06 | Build | House |
| 25:17 | Build | Mining Camp |
| 25:20 | Create | Villager (Male) |
| 25:21 | Create | Villager (Male) |
| 25:21 | Create | Villager (Male) |
| 25:35 | Build | Palisade Wall |
| 25:39 | Build | Palisade Gate |
| 25:52 | Create | Kipchak |
| 25:52 | Create | Kipchak |
| 25:52 | Create | Kipchak |
| 25:52 | Create | Kipchak |
| 25:52 | Create | Kipchak |
| 25:56 | Create | Kipchak |
| 25:56 | Create | Kipchak |
| 25:56 | Create | Kipchak |
| 26:00 | Create | Villager (Male) |
| 26:00 | Create | Villager (Male) |
| 26:01 | Create | Villager (Male) |
| 26:10 | Build | Farm |
| 26:11 | Build | Farm |
| 26:11 | Build | Farm |
| 26:11 | Build | Farm |
| 26:19 | Create | Fishing Ship |
| 26:19 | Create | Fishing Ship |
| 26:47 | Research | Tech 906 |
| 26:48 | Create | Fishing Ship |
| 26:50 | Create | Fishing Ship |
| 26:51 | Create | Fishing Ship |
| 26:58 | Create | Villager (Male) |
| 26:58 | Create | Villager (Male) |
| 26:58 | Create | Villager (Male) |
| 27:15 | Research | Fletching |
| 27:32 | Build | Mill |
| 27:36 | Build | Farm |
| 27:36 | Build | Farm |
| 27:36 | Build | Farm |
| 27:36 | Build | Farm |
Match timeline
| 0:31 | cheaferiano · first_building Dock |
| 1:27 | JustinMerendino · first_building Dock |
| 12:31 | JustinMerendino · first_building Barracks |
| 12:39 | cheaferiano · age_up feudal |
| 13:37 | JustinMerendino · age_up feudal |
| 17:50 | cheaferiano · wall_segment Palisade Wall x4 |
| 20:08 | cheaferiano · age_up castle |
| 20:49 | JustinMerendino · wall_segment Palisade Wall x9 |
| 21:17 | JustinMerendino · wall_segment Palisade Wall x3 |
| 23:25 | cheaferiano · first_market_buy 100 stone |
| 23:41 | cheaferiano · first_building Castle |
| 24:30 | JustinMerendino · age_up castle |
| 24:54 | JustinMerendino · first_building Castle |
| 25:09 | JustinMerendino · wall_segment Stone Wall x2 |
| 25:12 | JustinMerendino · wall_segment Stone Wall x2 |
| 25:35 | cheaferiano · wall_segment Palisade Wall x10 |
| 28:03 | JustinMerendino · first_building Siege Workshop |
| 29:03 | cheaferiano · wall_segment Palisade Wall x8 |
| 30:39 | JustinMerendino · first_building Stable |
| 31:33 | JustinMerendino · first_market_buy 100 food |
| 31:43 | cheaferiano · first_market_sell 100 food |
| 32:35 | JustinMerendino · first_building Monastery |
| 34:56 | cheaferiano · age_up imperial |
| 38:33 | JustinMerendino · resign |
[ AI ANALYSIS · 1 CREDIT ]
What really happened in this match?
Wolo.gg analyzes every decision: build order, eco, micro, common mistakes by bracket. Personalized analysis on WhatsApp or Discord in 30 seconds.
Civ guide
Teutons
Map guide
Nomad
Perfil
Jugador #2217691